 Dungeon Crawl Stone Soup version 0.19.1 (console) character file.

4111 Kloppie the Impaler (level 10, 0/120 HPs)
             Began as a Merfolk Berserker on Dec 1, 2016.
             Was an Elder of Trog.
             Slain by a killer bee (3 damage)
             ... on level 7 of the Dungeon.
             The game lasted 00:10:50 (6073 turns).

Kloppie the Impaler (Merfolk Berserker)             Turns: 6073, Time: 00:10:51

Health: 0/120      AC:  6    Str: 23    XL:     10   Next: 26%
Magic:  10/10      EV: 16    Int:  7    God:    Trog [****..]
Gold:   270        SH:  0    Dex: 16    Spells: 0 memorised, 9 levels left

rFire  . . .     SeeInvis .     a - +1 glaive
rCold  . . .     Gourm    .     d - +1 ring mail
rNeg   . . .     Faith    .     (shield currently unavailable)
rPois  .         Spirit   .     (no helmet)
rElec  .         Reflect  .     (no cloak)
rCorr  .         Harm     .     (no gloves)
MR     .....                    (no boots)
Stlth  ..........               q - amulet of regeneration
                                (no ring)
                                (no ring)

@: berserking (expiring), lethally poisoned (0 -> -4), very quick
A: change form in water, swift swim, stealthy swim
a: Berserk, Trog's Hand, Brothers in Arms, Burn Spellbooks, Renounce Religion


You were on level 7 of the Dungeon.
You worshipped Trog.
Trog was greatly pleased with you.
You were not hungry.

You visited 1 branch of the dungeon, and saw 8 of its levels.
You also visited: Ossuary.

You collected 270 gold pieces.

Inventory:

Hand Weapons
 a - a +1 glaive (weapon)
 f - a +0 spear
Armour
 d - a +1 ring mail (worn)
Jewellery
 q - an amulet of regeneration (around neck)
 v - an uncursed amulet of the gourmand
Wands
 o - a wand of lightning (4/15)
 t - a wand of slowing (26/48)
Scrolls
 e - 3 scrolls of enchant armour
 m - a scroll of fear
 r - 4 scrolls of remove curse
 s - 4 scrolls of immolation
 u - a scroll of teleportation
 y - a scroll of fog {unknown}
Potions
 g - 11 potions of curing {unknown}
 h - 2 potions of agility
 i - a potion of cancellation
 j - 4 potions of flight
 l - 4 potions of heal wounds
 n - a potion of ambrosia
 p - 12 potions of degeneration {unknown}
 w - a potion of cure mutation
 x - 2 potions of might
 z - 2 potions of mutation
 A - 2 potions of magic
 B - 3 potions of haste
 C - a potion of lignification
 D - a potion of brilliance
Comestibles
 b - 3 meat rations
 c - 3 bread rations
 k - 12 fruits
 E - 2 chunks of flesh
 F - 2 beef jerkies


   Skills:
 - Level 7.9 Fighting
 * Level 16.3 Polearms
 - Level 1.3 Armour
 + Level 7.2 Dodging


You had 9 spell levels left.
You didn't know any spells.

Dungeon Overview and Level Annotations

Branches:
Dungeon (8/15)             Temple (0/1) D:6
   Lair: D:8-11

Altars:
Dithmenos
Fedhas
Gozag
The Shining One


Message History

The leopard gecko closely misses you.
You slash the killer bee!
The killer bee is severely wounded.
You feel sick. The killer bee stings you!
* * * LOW HITPOINT WARNING * * *
The killer bee closely misses you. The killer bee completely misses you.
You are too berserk!
You barely miss the killer bee.
The killer bee is severely wounded.
* * * LOW HITPOINT WARNING * * *
You feel sick. The killer bee misses you.
The leopard gecko bites you but does no damage.
The killer bee stings you.
* * * LOW HITPOINT WARNING * * *
The killer bee misses you.
You completely miss the killer bee.
The killer bee is severely wounded.
* * * LOW HITPOINT WARNING * * *
You feel sick. The killer bee stings you.
You die...

### #........# ######....+.. ..#
#........#.#....#....#.. #.#
#........#.............. #.#
#......†.#'####.######.. ..#
###..........?..#.......yy #.##
................#......... #..#
....#'#.........#..)...y## .#'#
...#.#.#yyl..#.#.#)#.#y#.#
##.#####...#'#.#@...'#.#.#.#.#.#.
.......##.....#.....#.#.#.#.#.#.#
######..###...'#.#'#.#.#.#.#.#.#.
#_._###.._#...#.#.#.#.#.#.#.#.#.#
#...##..###....#.#.#.#.#.#.#.#.#.
.......##.#+#.#.#.#.#.#.#.#.#.#.#
#...####.#.#.#.#.#.#.#.#.#.#.#.#.
##_####.#.#.#.#.#.#.#.#.#.#.#.#.#
.###...#.#.#.#.#.#.#.#.#.#.#.#.#.


You could see 2 killer bees and a leopard gecko.

Vanquished Creatures
  A hippogriff (D:7)
  Prince Ribbit (D:6)
  Sigmund (D:6)
  A yak (D:7)
  A human (D:7)
  2 hogs (D:7)
  Edmund (D:6)
  A water moccasin (D:6)
  Duvessa (D:5)
  2 ice beasts
  2 phantoms
  An orc warrior (D:6)
  A sky beast (D:8)
  4 ogres
  A hornet zombie (D:6)
  3 centaurs (D:6)
  A crocodile (D:7)
  Blork the orc (D:5)
  3 bullfrogs
  Dowan (D:5)
  3 scorpions
  2 killer bees (D:7)
  A howler monkey (D:6)
  6 crimson imps
  A centaur zombie (Ossuary)
  A bullfrog zombie (D:6)
  A hound (D:5)
  An orc wizard (D:6)
  4 human zombies (Ossuary)
  An iguana (D:8)
  4 worker ants
  4 mummies (Ossuary)
  A gnoll (D:1)
  4 adders
  A howler monkey skeleton (D:4)
  3 shadow imps
  3 oozes
  2 adder zombies
  2 worms
  3 dart slugs
  10 leopard geckos
  6 orcs
  5 bats
  3 giant cockroaches
  3 goblins
  6 hobgoblins
  9 jackals
  A quokka (D:2)
  2 ball pythons
  A ball python skeleton (D:6)
  5 frilled lizards
  A hobgoblin zombie (Ossuary)
  2 jackal skeletons
  2 jackal zombies
  6 kobolds
  A kobold zombie (Ossuary)
  4 leopard gecko skeletons
  A leopard gecko zombie (D:5)
  An orc zombie (Ossuary)
  9 rats
156 creatures vanquished.

Vanquished Creatures (others)
  A sky beast (D:6)
1 creature vanquished.

Grand Total: 157 creatures vanquished

Notes
Turn   | Place    | Note
-------+----------+-------------------------------------------
     0 | D:1      | Kloppie the Merfolk Berserker began the quest for the Orb.
     0 | D:1      | Reached XP level 1. HP: 18/18 MP: 1/1
   218 | D:1      | Reached XP level 2. HP: 18/24 MP: 2/2
   393 | D:1      | Reached skill level 5 in Polearms
   606 | D:1      | Reached XP level 3. HP: 22/30 MP: 3/3
   973 | D:2      | Reached ** piety under Trog
  1380 | D:3      | Reached skill level 6 in Polearms
  1384 | D:3      | Reached XP level 4. HP: 37/37 MP: 4/4
  1759 | D:3      | Found an opulent altar of Gozag.
  2116 | D:4      | Reached skill level 7 in Polearms
  2116 | D:4      | Reached XP level 5. HP: 16/43 MP: 5/5
  2378 | D:4      | Noticed a phantom
  2413 | D:4      | Killed a phantom
  2413 | D:4      | Reached skill level 8 in Polearms
  2442 | D:4      | Noticed an ogre
  2453 | D:4      | Killed an ogre
  2453 | D:4      | Reached skill level 5 in Fighting
  2453 | D:4      | Reached XP level 6. HP: 51/51 MP: 6/6
  2739 | D:5      | Entered Level 5 of the Dungeon
  2739 | D:5      | Noticed Blork the orc
  2752 | D:5      | Killed Blork the orc
  2752 | D:5      | Reached skill level 9 in Polearms
  2763 | D:5      | Reached *** piety under Trog
  2764 | D:5      | Noticed a phantom
  2813 | D:5      | Killed a phantom
  2813 | D:5      | Reached XP level 7. HP: 12/57 MP: 7/7
  3106 | D:5      | Reached skill level 10 in Polearms
  3246 | D:5      | Found a blossoming altar of Fedhas.
  3274 | D:5      | Noticed Duvessa
  3290 | D:5      | Noticed Dowan
  3322 | D:5      | Killed Duvessa
  3327 | D:5      | Killed Dowan
  3327 | D:5      | Reached skill level 11 in Polearms
  3327 | D:5      | Reached XP level 8. HP: 47/65 MP: 8/8
  3791 | D:6      | Noticed Prince Ribbit
  3808 | D:6      | Killed Prince Ribbit
  3808 | D:6      | Reached skill level 12 in Polearms
  3890 | D:6      | Noticed Sigmund
  3894 | D:6      | Killed Sigmund
  3987 | D:6      | Noticed Edmund
  4006 | D:6      | Killed Edmund
  4014 | D:6      | Reached skill level 13 in Polearms
  4014 | D:6      | Reached XP level 9. HP: 73/73 MP: 9/9
  4057 | D:6      | Found a staircase to the Ecumenical Temple.
  4665 | D:6      | Reached skill level 14 in Polearms
  4975 | D:7      | Reached skill level 5 in Dodging
  5070 | D:8      | Reached skill level 15 in Polearms
  5122 | D:8      | Reached **** piety under Trog
  5149 | D:8      | Found a sand-covered staircase.
  5158 | Ossuary  | Entered an ossuary
  5516 | D:7      | Reached XP level 10. HP: 50/80 MP: 10/10
  5540 | D:7      | Reached skill level 16 in Polearms
  5895 | D:7      | Found a faded altar of an unknown god.
  5895 | D:7      | Found a faded altar of an unknown god.
  5900 | D:7      | Found a faded altar of an unknown god.
  5902 | D:7      | Found a glowing golden altar of the Shining One.
  5903 | D:7      | Found a shadowy altar of Dithmenos.
  6071 | D:7      | HP: 5/120 [killer bee (8)]
  6073 | D:7      | Slain by a killer bee

Skill      XL: |  1  2  3  4  5  6  7  8  9 10 |
---------------+-------------------------------+-----
Polearms       | 5 6 7 8 9 11 13 15 16 | 16.3
Fighting       | 4 5 6 7 |  7.9
Dodging        | 6 7 |  7.2
Armour         | |  1.3

Action                   |  1- 3 |  4- 6 |  7- 9 | 10-12 || total
-------------------------+-------+-------+-------+-------++-------
Melee: Spear             |   123 |   201 |   467 |       ||   791
       Glaive            |       |       |    34 |    61 ||    95
       Tailslap          |       |       |     1 |       ||     1
Invok: Berserk           |     2 |     3 |     8 |     1 ||    14
       Trog's Hand       |       |     1 |     1 |       ||     2
  Use: Scroll            |       |       |    24 |       ||    24
       Potion            |       |       |     1 |       ||     1
  Eat: Chunk             |     2 |     5 |    15 |       ||    22
       Bread ration      |       |     1 |     1 |       ||     2
Armor: Ring mail         |    21 |    26 |    53 |    14 ||   114
Dodge: Dodged            |    46 |    65 |   120 |    59 ||   290
